AoeStats
← tjmsky

Arena

506582224Analyzed
1v1 RM · 19d ago on Sep 14, 2026· 40m 50s· 2 players
Game mode
Random Map
Map size
Tiny (2 player)
Population
200
Speed
Normal
Resources
Standard
Victory
Conquest
Starting age
Dark Age
Ending age
Imperial Age
RankedLock teamsTeams togetherTeam positionsShared explorationLock speedFull tech treeHidden civsTurbo modeCheats
Victory
Defeat
🇬🇧 Britons · United Kingdom
911
+16
🇭🇰 Bengalis · Hong Kong SAR China
914
-45
Gooberlicious
11:05 Feudal Age
15:53 Castle Age
14:13 Double-Bit Axe
17:41 Loom
18:42 Horse Collar
25:57 Heavy Plow
26:40 Fletching
27:09 Gold Mining
29:23 Fortified Wall
28:57 Elite Skirmisher
30:52 Bodkin Arrow
31:05 Murder Holes
34:25 Imperial Age
32:55 Pikeman
33:22 Gambesons
33:40 Padded Archer Armor
34:11 Squires
35:12 Leather Archer Armor
35:39 Conscription
36:54 Chemistry
36:15 Halberdier
38:54 Bracer
tjmsky
4:48 Loom
14:11 Feudal Age
14:47 Double-Bit Axe
14:55 Gold Mining
14:47 Horse Collar
19:15 Castle Age
17:44 Fletching
19:35 Bloodlines
19:28 Padded Archer Armor
21:33 Wheelbarrow
22:17 Scale Barding Armor
22:38 Stone Mining
30:12 Bodkin Arrow
31:57 Leather Archer Armor
32:03 Chain Barding Armor
32:40 Forging
32:31 Scale Mail Armor
33:29 Hand Cart
37:58 Imperial Age
34:50 Crossbowman
34:51 Elite Skirmisher
35:47 Chain Mail Armor
36:17 Iron Casting
35:55 Paiks
36:06 Town Watch
35:54 Light Cavalry
36:35 Husbandry
39:15 Bow Saw
39:24 Bracer
39:55 Ring Archer Armor
Connection lost

Rejoining the realm…

Still unreachable

The connection could not be restored.

Session expired

The server has moved on; the page needs a fresh start.